 Dungeon Crawl Stone Soup version 0.31-a0-75-g6fe912e8c5 (webtiles) character file.

Game seed: 1542984597225951908

45 Lugonue the Shield-Bearer (level 3, -7/36 HPs)
             Began as a Troll Fighter on May 23, 2023.
             Mangled by a goblin
             ... wielding a +2 dagger of electrocution
              (12 damage)
             ... on level 2 of the Dungeon.
             The game lasted 00:01:40 (703 turns).

Lugonue the Shield-Bearer (Troll Fighter)            Turns: 703, Time: 00:01:41

Health: -7/36      AC:  4    Str: 24    XL:     3   Next: 42%
Magic:  2/2        EV:  9    Int:  4    God:
Gold:   93         SH:  8    Dex: 11    Spells: 2/2 levels left

rFire   . .          .
                       - Unarmed
rCold   . . .        b - +0 kite shield
rNeg    . . .        a - +0 robe
rPois   .            (helmet restricted)
rElec   .            (no cloak)
rCorr   .            (gloves unavailable)
SInv    .            (boots unavailable)
Will    .....        (no amulet)
Stlth   +            (no ring)
HPRegen 1.06/turn    (no ring)
MPRegen 0.08/turn

%: no passive effects
@: no status effects
A: large, unfitting armour, claws 3, regeneration 1, shaggy fur 1, tough skin 1
a: no special abilities


You were on level 2 of the Dungeon.
You visited 1 branch of the dungeon, and saw 2 of its levels.

You collected 93 gold pieces.

Inventory:

Armour
 a - a +0 robe (worn)
 b - a +0 kite shield (worn)
Jewellery
 f - a ring of flight
Scrolls
 g - a scroll of poison {unknown}
 h - a scroll of fog {unknown}
 k - 4 scrolls of identify {unknown}
 m - a scroll of amnesia {unknown}
Potions
 c - a potion of might
 d - a potion of mutation {unknown}
 e - a potion of attraction {unknown}
 i - a potion of enlightenment {unknown}
 j - a potion of haste {unknown}
 l - a potion of curing {unknown}


   Skills:
 + Level 2.8 Fighting
 + Level 2.7 Dodging
 + Level 3.0 Shields
 + Level 2.6 Unarmed Combat


You had 2 spell levels left.
You didn't know any spells.
Your spell library contained the following spells:

 Spells                   Type           Power      Damage    Failure   Level
 Beastly Appendage        Tmut           0%         N/A       77%         1
 Wereblood                Tmut           0%         N/A       88%         2
 Spider Form              Tmut/Pois      0%         N/A       98%         3


Dungeon Overview and Level Annotations

Branches:
Dungeon (2/15)

Altars:

Annotations:
D:2 Natasha


Innate Abilities, Weirdness & Mutations

You are too large for most types of armour.
You have claws for hands.
Your natural rate of healing is unusually fast.
You are covered in fur. (AC +1)
You have tough skin. (AC +1)


Message History

The goblin hits you with a +2 dagger of electrocution.
You closely miss the goblin. You block the goblin's attack.
You closely miss the goblin.
The goblin shouts!
You hear an angry hiss.
The goblin hits you with a +2 dagger of electrocution.
You are electrocuted!!
Ouch! That really hurt!
You are too injured to fight recklessly!
You are too injured to fight recklessly!
You are too injured to fight recklessly!
You are too injured to fight recklessly!
You are too injured to fight recklessly!
You are too injured to fight recklessly!
You are too injured to fight recklessly!
You are too injured to fight recklessly!
You are too injured to fight recklessly!
You are too injured to fight recklessly!
You are too injured to fight recklessly!
You are too injured to fight recklessly!
There are monsters nearby!
Press: ? - help, v - describe, . - travel
Here: a goblin, wielding a +2 dagger of electrocution The floor.
You aren't carrying any items that you can evoke.
Unknown command.
You barely miss the goblin.
The goblin hits you with a +2 dagger of electrocution.
Natasha, Servant of Life and Death comes into view.
You completely miss the goblin. The goblin closely misses you.
You scratch the goblin.
The goblin is moderately wounded.
The goblin hits you with a +2 dagger of electrocution.
Natasha stares at you and mumbles some strange words.
The magic dart hits you!
* * * LOW HITPOINT WARNING * * *
The goblin closely misses you.
The goblin hits you with a +2 dagger of electrocution.
* * * LOW HITPOINT WARNING * * *
You are electrocuted!
You die...

####### #.....#
###..g#.#
##.....@.##
.......g..#
##........# .#
.......#..#######
#.#
.......#........#
#.#
####..##.######.#
#.# #.h #<# #.#
#.# #.. #.# #.#
#.# #..
#.######.#####.##


You could see Natasha and 2 goblins.

Vanquished Creatures
  An adder (D:2)
  A worm (D:2)
  2 dart slugs (D:1)
  2 bats
  2 endoplasms
  A giant cockroach (D:1)
  2 goblins (D:1)
  4 hobgoblins
  3 kobolds (D:1)
  2 quokkas
  4 ball pythons
  2 frilled lizards (D:2)
  3 rats (D:1)
29 creatures vanquished.

Notes
Turn   | Place    | Note
-------+----------+-------------------------------------------
     0 | D:1      | Lugonue the Troll Fighter began the quest for the Orb.
     0 | D:1      | Reached XP level 1. HP: 22/22 MP: 0/0
   169 | D:1      | Reached XP level 2. HP: 27/29 MP: 1/1
   513 | D:2      | Reached skill level 3 in Shields
   533 | D:2      | Reached XP level 3. HP: 20/36 MP: 2/2
   618 | D:2      | Identified the +10 sling "Soacse Desch" {antimagic, Fragile
                  | rC+ SInv}
   701 | D:2      | Noticed Natasha
   703 | D:2      | Mangled by a goblin

Illustrated notes

Levels and vault maps discovered:
D:1:      ebering_trefoil_3fold, layout_basic, minmay_vboxes
D:2:      layout_loops_ring, uniq_natasha

Skill      XL: |  1  2 |
---------------+-------+-----
Shields        | 3 |  3.0
Fighting       | |  2.8
Dodging        | |  2.7
Unarmed Combat | |  2.6

Action                     || total
---------------------------++-------
  Melee: Unarmed           ||    84
 Armour: Robe              ||    18
  Dodge: Dodged            ||    24
  Block: Kite shield       ||    22

Table legend: (Time is in decaauts)
 A = Elapsed time spent in this place.
 B = Non-inter-level travel time spent in this place.
 C = Inter-level travel time spent in this place.
 D = Time resting spent in this place.
 E = Time spent auto-exploring this place.
 F = Levels seen in this place.
 G = Mean time per level.
                   A        B        C        D        E       F      G
               +--------+--------+--------+--------+--------+-----+--------+
         Total |    709 |    689 |     20 |      0 |    497 |   2 |  354.5 |
       Dungeon |    709 |    689 |     20 |      0 |    497 |   2 |  354.5 |
               +--------+--------+--------+--------+--------+-----+--------+

Top non-repeatable levels by time:
     D:1: 510 daAuts
     D:2: 199 daAuts
